 Dungeon Crawl Stone Soup version 0.14-a0-3134-g2c86dbf (webtiles) character file.

33 Beebo the Ducker (level 2, 0/13 HPs)
             Began as a Felid Monk on Mar 8, 2014.
             Succumbed to an adder's poison
             ... on Level 1 of the Dungeon.
             The game lasted 00:03:10 (1276 turns).

Beebo the Ducker (Felid Monk)                       Turns: 1276, Time: 00:03:10

HP   0/13        AC  1     Str  7      XL: 2   Next: 89%
MP   3/3         EV 26     Int 11      God:
Gold 7           SH  0     Dex 23      Spells:  0 memorised,  1 level left
Lives: 0, deaths: 0

rFire  . . .     SeeInvis +       - Unarmed
rCold  . . .     Clarity  .     (armour unavailable)
rNeg   . . .     Conserve .     (shield unavailable)
rPois  .         rCorr    .     (helmet unavailable)
rElec  .         rRot     .     (cloak unavailable)
SustAb . .       Spirit   .     (gloves unavailable)
rMut   .         Warding  .     (boots unavailable)
Saprov . . .     Stasis   .     (no amulet)
MR     .....                    (no ring)
                                (no ring)

@: invisible (expiring), agile, lethally poisoned, very slightly contaminated,
quick, not resistant to hostile enchantments, very stealthy
A: paw claws, no armour, no weapons or thrown items, fangs 3, see invisible,
carnivore 3, deterioration 1, speed 1, shaggy fur 1, slow metabolism 1, jump 1
a: Jump Attack


You were on level 1 of the Dungeon.
You were very full.

You visited 1 branch of the dungeon, and saw 2 of its levels.

You collected 7 gold pieces.

Inventory:

Comestibles
 b - a meat ration
Scrolls
 f - a scroll of remove curse {unknown}
 g - a scroll of amnesia {unknown}
 h - a scroll of noise {unknown}
Jewellery
 a - an uncursed amulet of clarity {unknown}
Potions
 d - a potion of invisibility
 e - a potion of agility


   Skills:
 * Level 2.9 Fighting
 + Level 4.2 Dodging
 - Level 2.6 Stealth
 + Level 3.3 Unarmed Combat


You had one spell level left.
You didn't know any spells.

Dungeon Overview and Level Annotations

Branches:
Dungeon (2/16)

Altars:


Innate Abilities, Weirdness & Mutations

You cannot wear armour.
You are incapable of wielding weapons or throwing items.
Your paws have sharp claws.
You have razor-sharp teeth.
You have supernaturally acute eyesight.
You are carnivorous and can eat meat at any time.
You cover ground quickly.
You are covered in fur (AC +1).
You have a slow metabolism.
You can jump attack at a short distance.
Your body is slowly deteriorating.


Message History

You feel extremely strange.
You feel yourself wasting away.
You feel agile.
You feel clumsy.
It was a potion of mutation.
The adder completely misses you.
The adder is no longer bleeding.
* * * LOW HITPOINT WARNING * * *
You feel sick.
You see here a mace.
* * * LOW HITPOINT WARNING * * *
You feel sick.
There is a stone staircase leading up here.
* * * LOW HITPOINT WARNING * * *
You feel sick.
You climb upwards.
You flicker for a moment.
There is a stone staircase leading down here.
Unknown command.
Unknown command.
Drink which item? (? for menu, Esc to quit)
Okay, then.
You die...

♣PP..♣#.# ..# #♣P..P♣#.# ..#
########♣♣P.P♣♣#.# .g##
#...#..♣♣♣..P♣♣..### ...#
#.....♣♣♣..♣♣♣.....# ...#
#.....♣P.♣.♣♣#.....####...##
##.....♣..♣...............?.
#########.....#####...######...##
..%.............@>%..............
#.....###....######...######...##
#.)...# #.#### ##### ######
#...### #.# #...### ##### #.####
#.....#
#########....##############.....#
.................................
#########..........%......(......
#####....###.####...###).#######


There were no monsters in sight!

Vanquished Creatures
  2 giant geckos
  2 bats
  2 goblins (D:1)
  4 hobgoblins
  A ball python (D:1)
  11 giant newts (D:1)
  A kobold (D:1)
  3 rats (D:1)
26 creatures vanquished.

Notes
Turn   | Place    | Note
--------------------------------------------------------------
     0 | D:1      | Beebo, the Felid Monk, began the quest for the Orb.
     0 | D:1      | Reached XP level 1. HP: 9/9 MP: 2/2
   504 | D:1      | Reached XP level 2. HP: 13/13 MP: 3/3
  1264 | D:2      | Gained mutation: Your body is slowly deteriorating. [potion of mutation]
  1264 | D:2      | Gained mutation: You are agile. (Dex +2) [potion of mutation]
  1264 | D:2      | Lost mutation: You are agile. (Dex +2) [potion of mutation]
  1276 | D:1      | Succumbed to an adder's poison

Action                   || total
-------------------------++-------
Melee: Unarmed           ||    70
  Use: Potion            ||     3
 Stab: Sleeping          ||     3
